 Dungeon Crawl Stone Soup version 0.28-a0-1447-ga5a8893891 (webtiles) character file.

Game seed: 1279038258773114101

28 voltaire321 the Ducker (level 3, 0/29 HPs)
             Began as a Djinni Gladiator on Jan 11, 2022.
             Slain by an adder (2 damage)
             ... on level 2 of the Dungeon.
             The game lasted 00:02:59 (1232 turns).

voltaire321 the Ducker (Djinni Gladiator)           Turns: 1232, Time: 00:02:59

Health: 0/29       AC:  4    Str: 13    XL:     3   Next: 30%
Gold:   15         EV: 13    Int:  9    God:
                   SH:  0    Dex: 16

rFire   + + .      SeeInvis .   a - +0 long sword
rCold   x . .      Faith    .   (no shield)
rNeg    . . .      Spirit   .   b - +0 leather armour
rPois   ∞          Reflect  .   c - +0 helmet
rElec   .          Harm     .   (no cloak)
rCorr   .          Rampage  .   (no gloves)
Will    .....                   (boots unavailable)
Stlth   +.........              (no amulet)
HPRegen 0.09/turn               (no ring)
MPRegen 0.00/turn               (no ring)

@: flying
A: sickness immunity, fire resistance 2, cold vulnerability 1, float, innate
caster, hp casting, extra vitality 1
a: no special abilities


You were on level 2 of the Dungeon.
You visited 1 branch of the dungeon, and saw 2 of its levels.

You collected 15 gold pieces.

Inventory:

Hand Weapons
 a - a +0 long sword (weapon)
Missiles
 d - 3 throwing nets (quivered)
Armour
 b - a +0 leather armour (worn)
 c - a +0 helmet (worn)
Scrolls
 e - a scroll of teleportation {unknown}
 f - 2 scrolls of enchant weapon {unknown}


   Skills:
 + Level 2.3 Fighting
 + Level 2.9 Long Blades
 - Level 1.5 Throwing
 + Level 1.0 Armour
 + Level 3.6 Dodging
 + Level 0.5 Spellcasting


You had 2 spell levels left.
You knew the following spells:

 Your Spells              Type           Power      Damage    Failure   Level
a - Freeze                Ice            4%         1d3       36%         1
Your spell library was empty.

Dungeon Overview and Level Annotations

Branches:
Dungeon (2/15)

Altars:


Innate Abilities, Weirdness & Mutations

You are immune to sickness and miasma.
You are immune to poison.
Your flesh is very heat resistant. (rF++)
You are vulnerable to cold. (rC-)
You float through the air rather than walking.
You learn spells naturally, not from books.
Your magical power is your life essence.
You have superior vitality. (+4 MHP)


Message History

You slash the bat!
You kill the bat!
You see here a bat corpse.
Done exploring.
You see here a +0 dagger.
There is a stone staircase leading down here.
You fly downwards.
The adder hisses angrily.
There is a stone staircase leading up here.
You slash the adder!
The adder is severely wounded.
The adder closely misses you. The adder bites you. The adder misses you.
The adder bites you. The adder bites you. The adder bites you.
The adder barely misses you. The adder barely misses you.
The adder bites you but does no damage. The adder bites you but does no damage.
The adder bites you. The adder bites you. The adder closely misses you.
The adder bites you. The adder closely misses you.
The adder completely misses you. The adder misses you. The adder misses you.
The adder bites you but does no damage. The adder barely misses you.
The adder closely misses you. The adder closely misses you.
The adder closely misses you. The adder bites you. The adder barely misses you.
The adder bites you.
The adder bites you but does no damage. x2
The adder bites you.
* * * LOW HITPOINT WARNING * * *
The adder bites you.
* * * LOW HITPOINT WARNING * * *
The adder bites you.
* * * LOW HITPOINT WARNING * * *
The adder bites you.
You die...

########
#...S@<#
#.####.#
#.# #.#
..# #..
..# ###


You could see an adder.

Vanquished Creatures
  7 bats (D:1)
  2 endoplasms (D:1)
  2 giant cockroaches (D:1)
  2 goblins (D:1)
  A hobgoblin (D:1)
  2 jackals (D:1)
  4 kobolds (D:1)
  A quokka (D:1)
  2 ball pythons (D:1)
  2 frilled lizards (D:1)
  2 rats (D:1)
27 creatures vanquished.

Notes
Turn   | Place    | Note
-------+----------+-------------------------------------------
     0 | D:1      | voltaire321 the Djinni Gladiator began the quest for the
                  | Orb.
     0 | D:1      | Reached XP level 1. HP: 18/18 MP: 0/0
   322 | D:1      | Reached XP level 2. HP: 21/23 MP: 0/0
   758 | D:1      | Reached XP level 3. HP: 28/28 MP: 0/0
   758 | D:1      | Learned a level 1 spell: Freeze
   914 | D:1      | Reached skill level 1 in Armour
  1232 | D:2      | Slain by an adder

Illustrated notes

Levels and vault maps discovered:
D:1:      evilmike_arrival_rings, layout_loops_ring, minmay_pentomino_q4
D:2:      layout_loops_cross, kennysheep_generic_room_15, uniq_natasha

Skill      XL: |  1  2  3 |
---------------+----------+-----
Armour         | 1 |  1.0
Fighting       | |  2.3
Long Blades    | |  2.9
Throwing       | |  1.5
Dodging        | |  3.6
Spellcasting   | |  0.5

Action                   || total
-------------------------++-------
Melee: Long sword        ||    68
       Punch             ||     2
 Stab: Sleeping          ||     1
Armor: Leather armour    ||    32
Dodge: Dodged            ||    69

Table legend: (Time is in decaauts)
 A = Elapsed time spent in this place.
 B = Non-inter-level travel time spent in this place.
 C = Inter-level travel time spent in this place.
 D = Time resting spent in this place.
 E = Time spent auto-exploring this place.
 F = Levels seen in this place.
 G = Mean time per level.
                   A        B        C        D        E       F      G
               +--------+--------+--------+--------+--------+-----+--------+
         Total |   1249 |   1206 |     43 |    134 |    827 |   2 |  624.5 |
       Dungeon |   1249 |   1206 |     43 |    134 |    827 |   2 |  624.5 |
               +--------+--------+--------+--------+--------+-----+--------+

Top non-repeatable levels by time:
     D:1: 1223 daAuts
     D:2: 26 daAuts
